 Dungeon Crawl Stone Soup version 0.23.2-40-g277498a001 (webtiles) character file.

Game seed: 9679911601792835622

1073 Descartes the Shooter (level 8, 0/67 HPs)
             Began as a Centaur Hunter on Sept 8, 2019.
             Slain by a bullfrog zombie (2 damage)
             ... on level 5 of the Dungeon.
             The game lasted 00:16:32 (5416 turns).

Descartes the Shooter (Centaur Hunter)              Turns: 5416, Time: 00:16:33

Health: 0/67       AC:  5    Str: 17    XL:     8   Next: 7%
Magic:  8/8        EV: 10    Int: 10    God:
Gold:   265        SH:  0    Dex: 10    Spells: 7/7 levels left

rFire    + . .     SeeInvis +   b - +1 spear (venom)
rCold    + . .     Gourm    .   (no shield)
rNeg     . . .     Faith    .   g - +0 leather armour
rPois    .         Spirit   .   p - +0 helmet
rElec    .         Reflect  .   B - scarf {rC+ rF+}
rCorr    .         Harm     +   (no gloves)
MR       .....                  (no barding)
Stlth    +.........             e - amulet of harm
HPRegen  0.21/turn              y - ring of see invisible
MPRegen  0.11/turn              (no ring)

@: very quick
A: large, hooves 3, deformed body, speed 2, tough skin 3
a: no special abilities


You were on level 5 of the Dungeon.
You were hungry.

You visited 2 branches of the dungeon, and saw 6 of its levels.

You collected 265 gold pieces.

Inventory:

Hand Weapons
 a - a +1 shortbow
 b - a +1 spear of venom (weapon)
 n - a +0 short sword
Missiles
 d - 34 arrows
 i - 85 stones (quivered)
 j - 33 bolts
 t - 2 tomahawks
 v - 12 poisoned needles
Armour
 g - a +0 leather armour (worn)
 p - a +0 helmet (worn)
 B - a scarf of resistance (worn)
Jewellery
 e - an amulet of harm (around neck)
 y - a ring of see invisible (left hand)
Scrolls
 m - 2 scrolls of random uselessness {unknown}
 o - a scroll of remove curse
 q - a scroll of teleportation
 x - 2 scrolls of amnesia {unknown}
 z - a scroll of magic mapping {unknown}
Potions
 c - a potion of might {unknown}
 h - a potion of resistance
 k - 3 potions of agility {unknown}
 l - 2 potions of curing {unknown}
 r - a potion of invisibility {unknown}
 s - 2 potions of flight {unknown}
 u - 2 potions of magic {unknown}
 w - a potion of degeneration {unknown}
 A - a potion of cancellation {unknown}
 C - 2 potions of mutation {unknown}
Comestibles
 f - 13 rations
 D - 3 chunks of flesh


   Skills:
 + Level 4.4 Fighting
 + Level 3.0 Polearms
 + Level 7.5 Bows
 - Level 2.0 Armour
 + Level 3.3 Dodging
 - Level 1.2 Stealth
 + Level 3.2 Unarmed Combat


You had 7 spell levels left.
You didn't know any spells.
Your spell library was empty.

Dungeon Overview and Level Annotations

Branches:
Dungeon (5/15)             Temple (1/1) D:4

Altars:
Cheibriados
Fedhas
Gozag
Kikubaaqudgha
Makhleb
Nemelex Xobeh
Qazlal
Ru
Trog
Uskayaw
Vehumet
Wu Jian
Xom
Yredelemnul
Zin
The Shining One


Innate Abilities, Weirdness & Mutations

You have hooves in place of feet.
Armour fits poorly on your strangely shaped body.
You cover ground very quickly.
You have extremely tough skin. (AC +3)


Message History

The phantom is moderately damaged.
The phantom hits you.
* * * LOW HITPOINT WARNING * * *
The phantom blinks!
The phantom blinks!
You closely miss the phantom.
The phantom is moderately damaged.
The phantom barely misses you.
You closely miss the phantom.
The phantom is moderately damaged.
The phantom hits you.
* * * LOW HITPOINT WARNING * * *
The phantom blinks!
A phantom is nearby!
You see here a jackal skeleton.
There is a stone staircase leading down here.
You climb downwards.
A jackal comes into view.
The bullfrog zombie hits you.
You die...

.........h#
.........#
........##
........
......##. ##
#.......#
#.##[.#.Z..#
.......@)..#
.#.#....<...#
#.[......#
......#......
......[.....###
.#..........#
#.#..... .##
#.#........


You could see a bullfrog zombie and a jackal (wandering).

Vanquished Creatures
  Sigmund (D:2)
  2 phantoms (D:4)
  A scorpion (D:5)
  3 howler monkeys
  A crimson imp (D:4)
  A bullfrog zombie (D:5)
  5 orc priests
  5 orc wizards
  A worker ant (D:4)
  2 hound skeletons (D:4)
  Robin (D:2)
  5 adders
  An ooze (D:3)
  2 adder skeletons
  3 dart slugs
  2 leopard geckos
  13 orcs
  2 ball pythons
  4 giant cockroaches
  15 goblins
  13 hobgoblins
  6 jackals
  A quokka (D:4)
  8 bats
  6 frilled lizards
  5 kobolds
  4 rats
113 creatures vanquished.

Notes
Turn   | Place    | Note
-------+----------+-------------------------------------------
     0 | D:1      | Descartes the Centaur Hunter began the quest for the Orb.
     0 | D:1      | Reached XP level 1. HP: 17/17 MP: 1/1
   168 | D:1      | Reached XP level 2. HP: 24/24 MP: 2/2
   411 | D:1      | Reached skill level 1 in Stealth
   488 | D:1      | Reached XP level 3. HP: 30/30 MP: 3/3
  1502 | D:2      | Reached XP level 4. HP: 17/37 MP: 4/4
  1852 | D:2      | Noticed Sigmund
  1868 | D:2      | Killed Sigmund
  1868 | D:2      | Reached skill level 1 in Polearms
  1868 | D:2      | Reached skill level 6 in Bows
  1868 | D:2      | Reached skill level 1 in Armour
  1868 | D:2      | Reached skill level 1 in Unarmed Combat
  1868 | D:2      | Reached XP level 5. HP: 18/45 MP: 5/5
  2096 | D:2      | Noticed Robin
  2122 | D:2      | Killed Robin
  2373 | D:2      | Reached XP level 6. HP: 36/51 MP: 6/6
  3301 | D:3      | Found a snail-covered altar of Cheibriados.
  3531 | D:4      | Found a staircase to the Ecumenical Temple.
  3536 | Temple   | Entered the Ecumenical Temple
  3654 | D:4      | Found a stormy altar of Qazlal.
  3654 | D:4      | Found a blossoming altar of Fedhas.
  3807 | D:4      | Reached XP level 7. HP: 41/58 MP: 7/7
  3840 | D:4      | Reached skill level 7 in Bows
  4924 | D:4      | Found an ornate altar of the Wu Jian Council.
  5327 | D:5      | Entered Level 5 of the Dungeon
  5352 | D:5      | Reached XP level 8. HP: 44/67 MP: 8/8
  5406 | D:4      | HP: 1/67 [phantom (6)]
  5416 | D:5      | Slain by a bullfrog zombie

Skill      XL: |  1  2  3  4  5  6  7  8 |
---------------+-------------------------+-----
Stealth        | 1 |  1.2
Dodging        | 2 3 |  3.3
Fighting       | 3 4 |  4.4
Polearms       | 1 2 3 |  3.0
Bows           | 6 7 |  7.5
Armour         | 1 2 |  2.0
Unarmed Combat | 1 2 3 |  3.2

Action                   |  1- 3 |  4- 6 |  7- 9 || total
-------------------------+-------+-------+-------++-------
Melee: Short sword       |    80 |       |       ||    80
       Kick              |    20 |    24 |    18 ||    62
       Spear             |    22 |   124 |   134 ||   280
       Punch             |       |     1 |       ||     1
 Fire: Shortbow          |    30 |     4 |       ||    34
  Use: Scroll            |     2 |     2 |       ||     4
  Eat: Chunk             |     1 |     6 |     4 ||    11
Armor: Leather armour    |    46 |    30 |    26 ||   102
Dodge: Dodged            |    55 |    46 |    64 ||   165
